 Dungeon Crawl Stone Soup version 0.27.1-34-g3ba077fa99 (webtiles) character file.

Game seed: 912374967982687470

97 pkoi the Insei (level 4, 0/38 HPs)
             Began as a Draconian Monk on Jan 3, 2022.
             Splashed by a jelly's acid (12 damage)
             ... on level 2 of the Dungeon.
             The game lasted 00:02:19 (1832 turns).

pkoi the Insei (Draconian Monk)                     Turns: 1832, Time: 00:02:19

Health: 0/38       AC: -2    Str: 13    XL:     4   Next: 42%
Magic:  4/4        EV: 12    Int: 11    God:
Gold:   65         SH:  0    Dex: 14    Spells: 3/3 levels left

rFire    . . .     SeeInvis .   b - +2 short sword (venom)
rCold    . . .     Faith    .   (no shield)
rNeg     . . .     Spirit   .   (armour unavailable)
rPois    .         Reflect  .   (helmet restricted)
rElec    .         Harm     .   l - +0 cloak
rCorr    .         Rampage  .   (no gloves)
Will     .....                  (no boots)
Stlth    ++........             (no amulet)
HPRegen  0.12/turn              (no ring)
MPRegen  0.09/turn              (no ring)

@: corroded, slowed, very slow
A: AC +5, unfitting armour, cold-blooded
a: no special abilities


You were on level 2 of the Dungeon.
You visited 1 branch of the dungeon, and saw 2 of its levels.

You collected 65 gold pieces.

Inventory:

Hand Weapons
 b - a +2 short sword of venom (weapon)
 h - a +3 short sword of draining
Missiles
 g - 11 poisoned darts (quivered)
Armour
 l - a +0 cloak (worn)
Wands
 m - a wand of acid (9)
Scrolls
 c - a scroll of teleportation
 d - a scroll of immolation {unknown}
 e - 5 scrolls of identify {unknown}
 f - a scroll of fog {unknown}
 k - a scroll of blinking {unknown}
Potions
 a - a potion of mutation {unknown}
 i - a potion of might {unknown}
 j - a potion of berserk rage {unknown}


   Skills:
 - Level 3.2 Fighting
 - Level 2.6 Dodging
 - Level 1.7 Stealth
 + Level 5.3 Unarmed Combat


You had 3 spell levels left.
You didn't know any spells.
Your spell library was empty.

Dungeon Overview and Level Annotations

Branches:
Dungeon (2/15)

Altars:


Innate Abilities, Weirdness & Mutations

Your plain brown scales are hard. (AC +5)
You cannot fit into any form of body armour.
You are cold-blooded and may be slowed by cold attacks.


Message History

No target in view!
No target in view!
No target in view!
No target in view!
No target in view!
No target in view!
Things that are here:
a +0 dagger; 5 stones You open the door.
An endoplasm comes into view.
Found a hobgoblin skeleton and a goblin skeleton.
An endoplasm is nearby!
An endoplasm is nearby!
An endoplasm is nearby! 7 endoplasms and 2 jellies come into view.
Found two goblin skeletons, a hobgoblin skeleton and a short sword.
There is an open door here.
The jelly quivers.
The jelly quivers.
The endoplasm quivers. x2
The helpless endoplasm fails to defend itself.
You hit the endoplasm.
The endoplasm is almost dead.
The endoplasm freezes you.
You are frozen.
You feel yourself slow down. The endoplasm freezes you.
You are frozen.
You feel as though you will be slow longer.
The endoplasm quivers.
The endoplasm freezes you.
You are frozen.
The endoplasm hits you. The jelly hits you. The acid corrodes you!
You are splashed with acid!
* * * LOW HITPOINT WARNING * * *
The endoplasm hits the fungus.
The fungus begins to die.
The endoplasm hits the fungus.
The jelly misses you.
There is an open door here.
Something hits the fungus.
The jelly hits you.
* * * LOW HITPOINT WARNING * * *
The acid corrodes you!
You are splashed with acid!
You die...

#.##.####.############
#.##......##...PJP..)#
......# #.P÷...JP.#
#.##.#######.÷÷P...PJ#
#.#.......##...J....J#
#.#..#######.PJ......#
#.........##÷.JJ.÷...#
###..########'########
....<###### ##.J@...##
###..)....# ########.#
# #####.#.# #....'..##
# #.#.# #....#### #
#.#.# #.......# #
#.#.# #.......# #
#.#.###.......# ###
#.#..##.......# ..#
#.#..###...).##


You could see a jelly.

Vanquished Creatures
  Natasha (D:2)
  2 adders (D:2)
  5 ball pythons
  3 bats (D:1)
  3 endoplasms
  2 giant cockroaches
  3 goblins
  6 hobgoblins
  12 kobolds
  2 quokkas (D:2)
  6 frilled lizards
  8 rats
53 creatures vanquished.

Vanquished Creatures (others)
  A fungus (D:2)
  9 toadstools (D:2)
10 creatures vanquished.

Grand Total: 63 creatures vanquished

Notes
Turn   | Place    | Note
-------+----------+-------------------------------------------
     0 | D:1      | pkoi the Draconian Monk began the quest for the Orb.
     0 | D:1      | Reached XP level 1. HP: 19/19 MP: 1/1
   214 | D:1      | Reached XP level 2. HP: 26/26 MP: 2/2
   368 | D:1      | Found a faded altar of an unknown god.
   647 | D:1      | Reached skill level 4 in Unarmed Combat
   810 | D:2      | Reached XP level 3. HP: 31/31 MP: 3/3
  1040 | D:2      | Noticed Natasha
  1050 | D:2      | Killed Natasha
  1274 | D:2      | Reached skill level 5 in Unarmed Combat
  1274 | D:2      | Reached XP level 4. HP: 38/38 MP: 4/4
  1832 | D:2      | Splashed by a jelly's acid

Illustrated notes

Levels and vault maps discovered:
D:1:      psy_arrival_whirlpool, layout_loops_ring,
          hellmonk_ecumenical_altar_inner_sanctum, minmay_stone_trees_small
D:2:      cheibrodos_fertilizer, layout_loops_ring, grunt_ministairs_9,
          uniq_natasha

Skill      XL: |  1  2  3 |
---------------+----------+-----
Unarmed Combat | 4 5 |  5.3
Fighting       | |  3.2
Dodging        | |  2.6
Stealth        | |  1.7

Action                   |  1- 3 |  4- 6 || total
-------------------------+-------+-------++-------
Melee: Short sword       |    88 |    33 ||   121
       Unarmed           |     6 |       ||     6
       Tailslap          |     5 |     2 ||     7
       Punch             |     1 |       ||     1
  Use: Scroll            |       |     1 ||     1
 Stab: Sleeping          |     4 |     2 ||     6
Armor: Skin              |    20 |    10 ||    30
Dodge: Dodged            |    46 |    21 ||    67
